 Dungeon Crawl Stone Soup version 0.28.0 (webtiles) character file.

Game seed: 1075014711057490045

43 inmateoo the Magician (level 3, -4/21 HPs)
             Began as a Tengu Earth Elementalist on Feb 9, 2022.
             Killed from afar by Natasha (10 damage)
             ... with a magic dart
             ... on level 2 of the Dungeon.
             The game lasted 00:02:00 (1224 turns).

inmateoo the Magician (Tengu Earth Elementalist)    Turns: 1224, Time: 00:02:00

Health: -4/21      AC:  2    Str:  8    XL:     3   Next: 58%
Magic:  0/8        EV: 12    Int: 17    God:
Gold:   17         SH:  0    Dex: 14    Spells: 1/7 levels left

rFire   . . .      SeeInvis .   (no weapon)
rCold   . . .      Faith    .   (no shield)
rNeg    . . .      Spirit   .   b - +0 robe
rPois   .          Reflect  .   (helmet restricted)
rElec   .          Harm     .   (no cloak)
rCorr   .          Rampage  .   (no gloves)
Will    .....                   (boots unavailable)
Stlth   ++........              (no amulet)
HPRegen 0.07/turn               (no ring)
MPRegen 0.11/turn               (no ring)

@: attractive, very slightly contaminated, hasted, very quick
A: beak, talons 3
a: no special abilities


You were on level 2 of the Dungeon.
You visited 1 branch of the dungeon, and saw 2 of its levels.

You collected 17 gold pieces.

Inventory:

Missiles
 c - 13 stones
Armour
 b - a +0 robe (worn)
Scrolls
 a - a scroll of blinking {unknown}
 e - 2 scrolls of vulnerability {unknown}
 f - 2 scrolls of identify {unknown}
Potions
 d - a potion of attraction


   Skills:
 + Level 2.0 Fighting
 - Level 2.1 Dodging
 - Level 2.0 Stealth
 + Level 2.9 Spellcasting
 + Level 0.3 Conjurations
 - Level 0.7 Transmutations
 - Level 2.1 Earth Magic


You had one spell level left.
You knew the following spells:

 Your Spells              Type           Power      Damage    Failure   Level
a - Sandblast             Erth           18%        2d7       8%          1
b - Passwall              Tmut/Erth      5%         N/A       14%         2
c - Stone Arrow           Conj/Erth      12%        3d7       32%         3

Your spell library contained the following spells:

 Spells                   Type           Power      Damage    Failure   Level
 Petrify                  Tmut/Erth      7%         N/A       67%         4


Dungeon Overview and Level Annotations

Branches:
Dungeon (2/15)

Altars:
Dithmenos

Annotations:
D:2 Natasha


Innate Abilities, Weirdness & Mutations

You have a beak for a mouth.
You have claws for feet.


Message History

You start resting.
Natasha is nearby!
Casting: Sandblast (safe; 8% risk of failure)
Confirm with . or Enter, or press ? or * to list all spells.
Aiming: Sandblast (safe; 8% risk of failure)
Press: ? - help, Shift-Dir - straight line, f/p - Natasha
Aim: Natasha (lightly wounded, 72% to hit)
You miscast Sandblast.
Nothing appears to happen.
Natasha claws you!
Casting: Sandblast (safe; 8% risk of failure)
Confirm with . or Enter, or press ? or * to list all spells.
Aiming: Sandblast (safe; 8% risk of failure)
Press: ? - help, Shift-Dir - straight line, f/p - Natasha
Aim: Natasha (lightly wounded, 72% to hit)
The blast of sand misses Natasha.
Natasha misses you.
Casting: Sandblast (safe; 8% risk of failure)
Confirm with . or Enter, or press ? or * to list all spells.
Aiming: Sandblast (safe; 8% risk of failure)
Press: ? - help, Shift-Dir - straight line, f/p - Natasha
Aim: Natasha (lightly wounded, 72% to hit)
The blast of sand misses Natasha.
Natasha claws you but does no damage.
Casting: Sandblast (safe; 8% risk of failure)
Confirm with . or Enter, or press ? or * to list all spells.
Aiming: Sandblast (safe; 8% risk of failure)
Press: ? - help, Shift-Dir - straight line, f/p - Natasha
Aim: Natasha (lightly wounded, 72% to hit)
The blast of sand hits Natasha.
Natasha is heavily wounded.
Natasha claws you!
* * * LOW HITPOINT WARNING * * *
Okay, then.
It was a potion of attraction.
You feel attractive to monsters. Natasha barely misses you.
It was a potion of haste.
You feel yourself speed up. Natasha barely misses you.
Natasha mumbles some strange words.
Natasha is attracted toward you. The white imp is attracted toward you.
Natasha casts a spell at you. The magic dart hits you!
You die...

##.._...#..##..#.
##.......#..###...
........#..###...
#.....##..####..
#####.........######
.............##
.####.......########
#.......##........
#@###.#.##.####### #
#.###.#.##.# .###.
#h....#.##.#
..h...#5.####.##.#######
#......)....#.......#
#.##ยง.####......##... #
#............#....
.....###...........
......# #...........


You could see Natasha and a white imp (summoned).

Vanquished Creatures
  An adder (D:2)
  2 bats
  5 endoplasms
  2 giant cockroaches
  3 goblins
  A hobgoblin (D:2)
  7 jackals
  2 kobolds (D:1)
  A ball python (D:1)
  3 frilled lizards (D:1)
  2 rats
29 creatures vanquished.

Notes
Turn   | Place    | Note
-------+----------+-------------------------------------------
     0 | D:1      | inmateoo the Tengu Earth Elementalist began the quest for
                  | the Orb.
     0 | D:1      | Reached XP level 1. HP: 10/10 MP: 4/4
   107 | D:1      | Found a faded altar of an unknown god.
   143 | D:1      | Reached skill level 1 in Fighting
   143 | D:1      | Reached XP level 2. HP: 10/16 MP: 0/6
   883 | D:2      | Reached XP level 3. HP: 20/21 MP: 4/8
  1058 | D:2      | Learned a level 2 spell: Passwall
  1062 | D:2      | Learned a level 3 spell: Stone Arrow
  1133 | D:2      | Found a shadowy altar of Dithmenos.
  1203 | D:2      | Noticed Natasha
  1224 | D:2      | Killed from afar by Natasha

Illustrated notes

Levels and vault maps discovered:
D:1:      roderic_octagonal_star, layout_basic, basic_ecumenical_altar
D:2:      layout_loops_ring, basic_altar, hangedman_glass_teeth, uniq_natasha

Skill      XL: |  1  2  3 |
---------------+----------+-----
Fighting       | 1 2 |  2.0
Dodging        | |  2.1
Stealth        | |  2.0
Spellcasting   | |  2.9
Conjurations   | |  0.3
Transmutations | |  0.7
Earth Magic    | |  2.1

Action                   || total
-------------------------++-------
Melee: Unarmed           ||     2
       Kick              ||     1
 Cast: Sandblast         ||    45
  Use: Potion            ||     2
Armor: Robe              ||     6
Dodge: Dodged            ||    24
